 Dungeon Crawl Stone Soup version 0.23.2-40-g277498a001 (webtiles) character file.

Game seed: 7125441938321560586

667 Curus the Insei (level 7, -10/52 HPs)
             Began as a Demonspawn Gladiator on Oct 14, 2019.
             Mangled by a gnoll
             ... wielding a +0 spear of distortion
              (18 damage)
             ... on level 5 of the Dungeon.
             The game lasted 00:20:56 (4524 turns).

Curus the Insei (Demonspawn Gladiator)              Turns: 4524, Time: 00:20:56

Health: -10/52     AC:  7    Str: 16    XL:     7   Next: 31%
Magic:  7/7        EV: 13    Int:  9    God:
Gold:   179        SH:  3    Dex: 17    Spells: 6/6 levels left

rFire    . . .     SeeInvis .     - Unarmed
rCold    + + .     Gourm    .   (no shield)
rNeg     . . .     Faith    .   n - +0 leather armour {rPois}
rPois    +         Spirit   .   c - +1 helmet
rElec    .         Reflect  +   (no cloak)
rCorr    .         Harm     .   (no gloves)
MR       .....                  (no boots)
Stlth    +.........             r - +3 amulet of reflection
HPRegen  0.17/turn              (no ring)
MPRegen  0.10/turn              j - ring of protection from cold

@: no status effects
A: claws 2, rugged brown scales 2, cold resistance 1, demonic guardian 1, strong
1
a: no special abilities


You were on level 5 of the Dungeon.
You were hungry.

You visited 2 branches of the dungeon, and saw 6 of its levels.

You collected 179 gold pieces.

Inventory:

Hand Weapons
 a - a +1 quarterstaff
Missiles
 d - 3 throwing nets (quivered)
Armour
 b - a +1 leather armour
 c - a +1 helmet (worn)
 h - a +0 pair of gloves
 l - a +1 hat
 n - a +0 leather armour of poison resistance (worn)
Jewellery
 i - an uncursed ring of attention
 j - a ring of protection from cold (right claw)
 r - a +3 amulet of reflection (around neck)
Scrolls
 e - 2 scrolls of immolation
 g - 2 scrolls of enchant weapon
 k - a scroll of blinking
 m - 3 scrolls of identify
 o - a scroll of teleportation
Potions
 p - a potion of heal wounds
Comestibles
 f - 7 rations


   Skills:
 - Level 2.0 Fighting
 - Level 3.3 Staves
 - Level 1.7 Throwing
 - Level 2.6 Dodging
 + Level 7.0 Unarmed Combat


You had 6 spell levels left.
You didn't know any spells.
Your spell library was empty.

Dungeon Overview and Level Annotations

Branches:
Dungeon (5/15)             Temple (1/1) D:4

Altars:
Ashenzari
Cheibriados
Dithmenos
Elyvilon
Gozag
Hepliaklqana
Nemelex Xobeh
Qazlal
Ru
Trog
Uskayaw
Vehumet
Wu Jian
Yredelemnul
Zin
The Shining One


Innate Abilities, Weirdness & Mutations

You have very sharp fingernails.
You are mostly covered in rugged brown scales. (AC +2, +5% HP)
A weak demonic guardian rushes to your aid.
Your flesh is cold resistant. (rC+)
Your muscles are strong. (Str +2)


Message History

You scratch the gnoll.
The gnoll is heavily wounded.
The gnoll hits you but does no damage. Space warps horribly around you.
The gnoll hits you but does no damage. The gnoll closely misses you.
Your iron imp hits the gnoll.
The gnoll hits your iron imp with a +0 spear.
Your iron imp hits the gnoll!
The gnoll dies!
Your Unarmed Combat skill increases to level 7!
The gnoll hits your iron imp but does no damage.
Your iron imp blinks!
The gnoll completely misses you.
You closely miss the gnoll.
The gnoll hits you with a +0 spear of distortion!
Space bends around you.
* * * LOW HITPOINT WARNING * * *
The gnoll hits you from afar with a +0 spear of distortion.
* * * LOW HITPOINT WARNING * * *
Space warps horribly around you!!
You die...

### ..# ... #.#
### .5# #<#
#.#####)# #.#
#.....)g# #.#
#.#####.# #.#
#......@# #.#
#.#####.## #.#
#........######.#
#.#####.........#
........########
#####...# #####


You could see a gnoll and a friendly iron imp.

Vanquished Creatures
  4 wights (D:4)
  A howler monkey (D:4)
  An orc priest (D:3)
  A gnoll shaman (D:5)
  3 orc wizards
  4 worker ants
  7 adders
  3 gnolls
  4 oozes
  An adder skeleton (D:4)
  A worm (D:2)
  4 dart slugs
  4 leopard geckos
  14 orcs
  2 ball pythons
  5 giant cockroaches
  8 goblins
  9 hobgoblins
  5 bats
  2 frilled lizards
  13 kobolds
  A leopard gecko skeleton (D:3)
  A quokka skeleton (D:4)
  4 rats
102 creatures vanquished.

Vanquished Creatures (collateral kills)
  A gnoll (D:5)
1 creature vanquished.

Grand Total: 103 creatures vanquished

Notes
Turn   | Place    | Note
-------+----------+-------------------------------------------
     0 | D:1      | Curus the Demonspawn Gladiator began the quest for the Orb.
     0 | D:1      | Reached XP level 1. HP: 16/16 MP: 1/1
   276 | D:1      | Gained mutation: You have sharp fingernails. [demonic
                  | ancestry]
   276 | D:1      | Reached XP level 2. HP: 22/22 MP: 2/2
   293 | D:1      | Reached skill level 1 in Unarmed Combat
   535 | D:1      | Gained mutation: You are partially covered in rugged brown
                  | scales. (AC +1, +3% HP) [demonic ancestry]
   535 | D:1      | Reached XP level 3. HP: 7/27 MP: 3/3
   901 | D:1      | Reached skill level 2 in Unarmed Combat
  1405 | D:2      | Reached XP level 4. HP: 8/33 MP: 4/4
  1739 | D:2      | Reached skill level 3 in Unarmed Combat
  2383 | D:3      | Gained mutation: You have very sharp fingernails. [demonic
                  | ancestry]
  2383 | D:3      | Reached XP level 5. HP: 34/39 MP: 5/5
  2430 | D:3      | Reached skill level 4 in Unarmed Combat
  3229 | D:4      | Reached skill level 5 in Unarmed Combat
  3229 | D:4      | Gained mutation: You are mostly covered in rugged brown
                  | scales. (AC +2, +5% HP) [demonic ancestry]
  3229 | D:4      | Reached XP level 6. HP: 24/46 MP: 6/6
  3485 | D:4      | Reached skill level 6 in Unarmed Combat
  3575 | D:4      | Gained mutation: Your flesh is cold resistant. (rC+)
                  | [potion of mutation]
  3575 | D:4      | Gained mutation: Your muscles are strong. (Str +2) [potion
                  | of mutation]
  3870 | D:4      | Found a glowing golden altar of the Shining One.
  3870 | D:4      | Found a white marble altar of Elyvilon.
  3871 | D:4      | Found a glowing silver altar of Zin.
  3972 | D:4      | Found a sparkling altar of Nemelex Xobeh.
  3998 | D:4      | Gained mutation: A weak demonic guardian rushes to your
                  | aid. [demonic ancestry]
  3998 | D:4      | Reached XP level 7. HP: 47/52 MP: 7/7
  4054 | D:4      | Found a staircase to the Ecumenical Temple.
  4086 | Temple   | Entered the Ecumenical Temple
  4422 | D:5      | Entered Level 5 of the Dungeon
  4518 | D:5      | Reached skill level 7 in Unarmed Combat
  4524 | D:5      | Mangled by a gnoll

Skill      XL: |  1  2  3  4  5  6  7 |
---------------+----------------------+-----
Staves         | 3 |  3.3
Unarmed Combat | 1 2 3 5 6 7 |  7.0
Fighting       | |  2.0
Throwing       | |  1.7
Dodging        | |  2.6

Action                   |  1- 3 |  4- 6 |  7- 9 || total
-------------------------+-------+-------+-------++-------
Melee: Quarterstaff      |   109 |    79 |       ||   188
       Unarmed           |       |   128 |    39 ||   167
       Punch             |       |     2 |     2 ||     4
Throw: Throwing net      |     1 |       |       ||     1
  Use: Potion            |     3 |     3 |       ||     6
       Scroll            |     4 |     9 |       ||    13
  Eat: Chunk             |     2 |     7 |     2 ||    11
Armor: Leather armour    |    28 |    87 |    12 ||   127
Dodge: Dodged            |    68 |   120 |    16 ||   204
Block: Other             |       |       |     7 ||     7
